Map: Jagannatha EC

Players

BsON

  • Race: Terran Terran
  • Spawn Location: 1:00

BaRaGooD - Winner!

  • Race: Protoss Protoss
  • Spawn Location: 7:00

VOD

Have the link to the VOD?

Description

Time

  • Played on: Oct. 25, 2020, 4:48 p.m.
  • Length: 11:00
Show
View Real Time Build Order
Export as new Build Order

BsON Terran 

Build Orders: Reaper Expand 

Get SALT Encoding   

  12  0:00  SCV  
  13  0:12  SCV  
  14  0:17  Supply Depot  
  14  0:25  SCV  
  15  0:39  Barracks, SCV  
  16  0:43  Refinery  
  16  0:51  SCV  
  17  1:03  SCV  
  18  1:15  SCV  
  19  1:29  Reaper  
  19  1:31  Orbital Command  
  20  1:45  Command Center  
  20  1:57  SCV  
  20  1:58  Supply Depot  
  21  2:10  SCV  
  21  2:12  Barracks Reactor  
  21  2:14  Marine  
  23  2:19  Factory  
  23  2:21  Refinery  
  23  2:22  SCV  
  24  2:30  Bunker  
  24  2:34  SCV, Barracks Reactor  
  23  2:46  SCV  
  24  2:58  SCV  
  25  3:03  Widow Mine  
  27  3:10  SCV  
  28  3:19  Marine x2  
  30  3:22  SCV, Starport  
  31  3:27  Factory Tech Lab  
  31  3:37  Marine x2, SCV  
  31  3:38  Orbital Command  
  34  3:47  Cyclone  
  37  3:49  SCV  
  38  3:57  Marine  
  38  3:58  Marine  
  40  4:03  SCV  
  40  4:04  Viking  
  42  4:13  SCV  
  42  4:14  Supply Depot  
  43  4:17  Barracks  
  43  4:24  Siege Tank  
  46  4:33  Bunker  
  46  4:36  SCV x2  
  48  4:42  Marine  
  48  4:43  Marine  
  50  4:45  Starport Tech Lab  
  50  4:48  SCV  
  50  4:49  Supply Depot  
  52  5:00  SCV  
  52  5:06  Supply Depot  
  52  5:09  SCV  
  52  5:10  Siege Tank  
  52  5:11  Supply Depot  
  52  5:12  Barracks  
  56  5:17  Marine  
  56  5:18  Stimpack  
  57  5:25  Marine x2  
  57  5:27  SCV, Starport Reactor  
  60  5:31  Supply Depot  
  60  5:34  SCV  
  61  5:40  Marine  
  62  5:43  Siege Tank  
  62  5:47  Marine x2  
  62  5:48  SCV  
  62  5:49  SCV  
  69  5:55  Engineering Bay  
  69  5:59  Barracks Tech Lab  
  69  6:00  SCV  
  69  6:01  SCV  
  69  6:03  Refinery  
  71  6:10  Medivac  
  71  6:11  Medivac, Marine  
  75  6:12  Marine  
  75  6:13  SCV x2  
  75  6:17  Refinery  
  79  6:18  Supply Depot  
  79  6:27  SCV  
  79  6:28  SCV  
  81  6:33  Combat Shield  
  81  6:34  Marine  
  81  6:35  Marine x2  
  81  6:36  Marine  
  81  6:39  SCV  
  86  6:43  Supply Depot  
  86  6:44  Terran Infantry Weapons Level 1  
  86  6:50  SCV  
  86  6:52  SCV  
  88  6:55  Command Center  
  88  7:01  Concussive Shells  
  88  7:02  SCV  
  88  7:06  Medivac, Supply Depot x2  
  91  7:09  Marine x2  
  91  7:10  Marauder x2  
  97  7:16  SCV  
  97  7:17  SCV  
  97  7:18  Medivac  
  101  7:25  Orbital Command  
  91  7:42  Siege Tank  
  93  8:02  Medivac  
  93  8:03  Marine x2, Marauder x2  
  101  8:07  Orbital Command  
  101  8:12  Orbital Command  
  101  8:21  Marine  
  101  8:24  Marauder  
  104  8:30  Marine, Marauder  
  107  8:35  SCV x2  
  107  8:38  Terran Infantry Armor Level 1  
  107  8:39  Marine  
  107  8:49  SCV  
  107  8:52  Medivac  
  105  8:56  Supply Depot  
  105  8:57  Supply Depot  
  104  9:06  Orbital Command  
  104  9:12  Marauder x2  
  104  9:13  Marine x2  
  95  9:33  Orbital Command  
  95  9:38  Marine x2, Marauder x2  
  88  9:56  Marine x2, SCV x2  
  92  10:08  Refinery, Marauder  
  92  10:09  Marauder  
  96  10:15  Refinery  
  96  10:24  Medivac x2  
  96  10:26  SCV x2  
  96  10:27  Ghost Academy  
  102  10:32  Marauder x2  
  109  10:36  SCV  
  110  10:44  Armory  
  108  10:52  Barracks  
  108  10:53  Barracks  
Show
View Real Time Build Order
Export as new Build Order

BaRaGooD Protoss - Winner!

Build Orders: 1 Gate Expand, Zealot Archon 

Get SALT Encoding   

  12  0:00  Probe  
  13  0:12  Probe  
  14  0:17  Pylon  
  14  0:24  Probe  
  15  0:36  Gateway  
  15  0:38  Probe (Chrono Boost)  
  16  0:49  Probe (Chrono Boost)  
  17  0:54  Probe (Chrono Boost)  
  17  0:55  Assimilator  
  19  1:04  Probe  
  20  1:21  Zealot (Chrono Boost)  
  20  1:23  Cybernetics Core  
  21  1:41  Nexus  
  21  1:49  Pylon  
  21  2:01  Stalker (Chrono Boost)  
  21  2:02  Warp Gate  
  21  2:08  Assimilator  
  22  2:25  Probe  
  22  2:29  Stalker (Chrono Boost)  
  25  2:47  Probe (Chrono Boost)  
  26  2:51  Stalker  
  26  2:56  Probe (Chrono Boost)  
  29  3:04  Probe (Chrono Boost)  
  31  3:05  Probe (Chrono Boost)  
  31  3:19  Probe (Chrono Boost)  
  33  3:24  Probe (Chrono Boost)  
  33  3:29  Probe (Chrono Boost)  
  33  3:33  Probe (Chrono Boost), Twilight Council  
  33  3:34  Probe (Chrono Boost)  
  35  3:35  Forge  
  35  3:38  Gateway  
  36  3:43  Probe  
  36  3:45  Probe  
  38  3:55  Probe  
  39  3:58  Probe  
  39  3:59  Pylon  
  40  4:03  Gateway  
  40  4:06  Protoss Ground Armor Level 1 (Chrono Boost), Gateway  
  40  4:11  Charge (Chrono Boost)  
  40  4:15  Probe  
  41  4:19  Probe  
  42  4:28  Probe  
  42  4:29  Photon Cannon  
  43  4:32  Pylon  
  43  4:34  Probe  
  44  4:40  Probe  
  45  4:46  Probe  
  45  4:52  Photon Cannon  
  47  4:53  Probe (Chrono Boost)  
  47  4:59  Templar Archives  
  47  5:00  Robotics Facility  
  47  5:01  Probe (Chrono Boost)  
  47  5:04  Assimilator  
  49  5:08  Assimilator  
  49  5:10  Probe x2 (Chrono Boost)  
  50  5:15  Zealot x2  
  50  5:16  Probe  
  50  5:20  Pylon  
  55  5:22  Probe  
  55  5:27  Psionic Storm  
  56  5:31  Zealot  
  56  5:32  Zealot  
  60  5:36  Pylon  
  60  5:41  High Templar  
  62  5:53  Gateway  
  62  5:54  Gateway  
  62  5:56  Gateway  
  62  6:02  High Templar x2  
  62  6:03  Warp Prism (Chrono Boost)  
  68  6:19  Zealot, High Templar  
  68  6:23  Pylon  
  68  6:24  Pylon  
  72  6:29  Pylon  
  72  6:35  Zealot, High Templar  
  76  6:48  Zealot x3  
  76  6:51  Zealot, High Templar  
  76  6:54  Observer (Chrono Boost)  
  87  7:01  Pylon  
  87  7:03  Probe  
  88  7:11  Zealot x3  
  88  7:12  Zealot x3  
  100  7:16  Pylon  
  98  7:34  Archon  
  88  7:41  Stalker x6  
  88  7:42  Probe  
  101  7:54  Nexus  
  95  8:23  Stalker x3  
  95  8:24  Zealot x3, Stalker  
  95  8:25  Blink (Chrono Boost)  
  107  8:38  Probe (Chrono Boost)  
  107  8:40  Protoss Ground Weapons Level 1 (Chrono Boost)  
  109  8:41  Robotics Bay  
  109  8:43  Probe (Chrono Boost)  
  93  9:04  Probe (Chrono Boost)  
  93  9:05  Probe (Chrono Boost)  
  95  9:13  High Templar  
  95  9:14  Zealot x3, Probe x2 (Chrono Boost), High Templar x2  
  110  9:18  Probe (Chrono Boost)  
  110  9:19  Probe x2 (Chrono Boost)  
  104  9:37  Archon  
  78  9:46  High Templar  
  78  9:47  Zealot x5, High Templar  
  78  9:48  Probe  
  87  9:52  Colossus (Chrono Boost)  
  87  9:53  Probe  
  94  10:03  Photon Cannon  
  94  10:05  Assimilator  
  94  10:08  Assimilator  
  94  10:12  Photon Cannon  
  94  10:17  Stalker  
  94  10:18  Zealot x3  
  102  10:23  Zealot x2  
  92  10:57  Archon  
Tags
 
Add a new tag
Caveats
  • Supply blocks, unpowered buildings, or Contaminate may cause inaccurate times.
  • Supply counts are checked every 10 seconds.